 Dungeon Sprint DCSS version 0.24-a0-250-g6074511092 (webtiles) character file.

Game seed: 9698002295631916015

0 Redear the Skirmisher (level 2, -7/25 HPs)
             Began as a Demonspawn Fighter on Apr 15, 2019.
             Was a Follower of Makhleb.
             Mangled by a worm (9 damage)
             ... in the Dungeon (Sprint VI: "Thunderdome").
             The game lasted 00:00:29 (36 turns).

Redear the Skirmisher (Demonspawn Fighter)            Turns: 36, Time: 00:00:29

Health: -7/25      AC:  8    Str: 16    XL:     2   Next: 13%
Magic:  2/2        EV:  6    Int:  9    God:    Makhleb [*.....]
Gold:   200        SH:  9    Dex: 12    Spells: 1/1 levels left

rFire    . . .     SeeInvis .   a - +0 long sword
rCold    . . .     Gourm    .   c - +0 shield
rNeg     . . .     Faith    .   b - +0 scale mail
rPois    .         Spirit   .   (no helmet)
rElec    .         Reflect  .   (no cloak)
rCorr    .         Harm     .   (no gloves)
MR       .....     NoTele   +   (no boots)
Stlth    ..........             (no amulet)
HPRegen  0.08/turn              (no ring)
MPRegen  0.08/turn              (no ring)

@: no status effects
A: iridescent scales 1
a: Renounce Religion


You were in the Dungeon.
You worshipped Makhleb.
Makhleb was aware of your devotion.
You were not hungry.

You visited 1 branch You collected 200 gold pieces.

Inventory:

Hand Weapons
 a - a +0 long sword (weapon)
Armour
 b - a +0 scale mail (worn)
 c - a +0 shield (worn)
Wands
 A - a wand of acid (4)
 I - a wand of iceblast (5)
Scrolls
 f - 3 scrolls of fog
 B - 4 scrolls of blinking {@r4}
Potions
 d - a potion of might {Str+5 DMG+1d10 | @q3}
 e - a potion of resistance {rF+ rC+ rPois rElec rCorr}
 g - 4 potions of heal wounds {@q1}
 i - 2 potions of magic
 j - a potion of berserk rage
 H - 4 potions of haste {@q5}
 Q - a potion of curing {@q2}
Comestibles
 h - a chunk of flesh
 z - a ration


   Skills:
 + Level 3.6 Fighting
 + Level 2.6 Long Blades
 + Level 3.3 Armour
 + Level 3.3 Shields


You had one spell level left.
You didn't know any spells.
Your spell library was empty.

Dungeon Overview and Level Annotations

Branches:
Dungeon (1/1)

Altars:
Cheibriados
Dithmenos
Fedhas
Makhleb
Okawaru
Qazlal
Trog
Uskayaw
Xom
Zin
The Shining One

Shops:
D ??:(!!!!

Annotations:
D Sigmund


Innate Abilities, Weirdness & Mutations

You are partially covered in iridescent scales. (AC +2)


Message History

You take 2 damage, and have 10/25 hp.
Unknown command.
You slash the worm!
The worm is almost dead.
The worm closely misses you.
Evoke which item? (* to show all) (? for menu, Esc to quit)
You don't have any such object.
Evoke which item? (* to show all) (? for menu, Esc to quit)
Okay, then.
Unknown command.
Evoke which item? (* to show all) (? for menu, Esc to quit)
Aiming: Corrosive Bolt
Press: ? - help, Shift-Dir - straight line, f - Sigmund
Aim: Sigmund, wielding a +0 scythe and wearing a +0 robe The bolt of acid hits Sigmund!
Sigmund is splashed with acid.
Sigmund is heavily wounded.
Sigmund hits you from afar with a +0 scythe!
* * * LOW HITPOINT WARNING * * *
The worm bites you!
You die...

##### ##⌠⌠⌠##
#.....# ##.....##
##∩.....∩##
#∩....w..∩#
#_....@.._#
#_.....)÷_#
#...@...._#
###.........###
#⌠...........⌠#
#.8.........8.######
......###......___∩#
....8. #.8........∩
......###...........


You could see Sigmund and a worm.

Vanquished Creatures
  An adder (D)
  A jackal (D)
  A kobold (D)
3 creatures vanquished.

Notes
Turn   | Place    | Note
-------+----------+-------------------------------------------
     0 | D        | Redear the Demonspawn Fighter began the quest for the Orb.
     0 | D        | Reached XP level 1. HP: 18/18 MP: 1/1
     1 | D        | Found a stormy altar of Qazlal.
     1 | D        | Found an iron altar of Okawaru.
     2 | D        | Found a blossoming altar of Fedhas.
     2 | D        | Found a burning altar of Makhleb.
     3 | D        | Found a shadowy altar of Dithmenos.
     3 | D        | Found a glowing golden altar of the Shining One.
     4 | D        | Found Bix Emia's Distillery.
     4 | D        | Found a shimmering altar of Xom.
     4 | D        | Found a hide-covered altar of Uskayaw.
     4 | D        | Found Witow's Do-It-Yourself Clinic.
     5 | D        | Found Ratex's Distillery.
     5 | D        | Found Emnum's Bottled Wisdom.
     5 | D        | Round 1.
     6 | D        | Found a snail-covered altar of Cheibriados.
     7 | D        | Found Qigol's Staff Store.
     8 | D        | Found Ozynohad's Must-Have Magic.
     8 | D        | Found Reczil's Magic Scroll Shop.
    13 | D        | Became a worshipper of Makhleb the Destroyer
    14 | D        | Reached skill level 2 in Long Blades
    14 | D        | Reached skill level 3 in Armour
    14 | D        | Reached skill level 3 in Shields
    14 | D        | Gained mutation: You are partially covered in iridescent
                  | scales. (AC +2) [demonic ancestry]
    14 | D        | Reached XP level 2. HP: 19/24 MP: 2/2
    22 | D        | Found a bloodstained altar of Trog.
    22 | D        | Found a glowing silver altar of Zin.
    22 | D        | Found Fisyblurph's Magic Scroll Shop.
    30 | D        | Reached * piety under Makhleb
    31 | D        | Noticed Sigmund
    36 | D        | HP: 2/25 [Sigmund/+0 scythe (8)]
    36 | D        | Mangled by a worm

Levels and vault maps discovered:
D:        arena_sprint

Skill      XL: |  1 |
---------------+----+-----
Long Blades    | 2 |  2.6
Armour         | 3 |  3.3
Shields        | 3 |  3.3
Fighting       | |  3.6

Action                   || total
-------------------------++-------
Melee: Long sword        ||    14
Evoke: Wand              ||     1
Armor: Scale mail        ||     9
Dodge: Dodged            ||     4
Block: Shield            ||     5
       Rpst.: Long sword ||     1

Table legend:
 A = Non-vault XP
 B = Vault XP
 C = Vault XP percentage of total XP
 D = Non-vault monster count
 E = Vault monster count
 F = Vault count percentage of total count
                 A         B        C        D         E       F
            +---------+---------+-------+---------+---------+-------
      Total |      16 |       0 |   0.0 |       3 |       0 |   0.0
            +---------+---------+-------+---------+---------+-------
          D |      16 |       0 |   0.0 |       3 |       0 |   0.0
            +---------+---------+-------+---------+---------+-------
